 Dungeon Crawl Stone Soup version 0.28.0-62-gf88900778d (webtiles) character file.

Game seed: 10533468647878984676

1646 cbfl8 the Spear-Bearer (level 8, -5/61 HPs)
             Began as a Merfolk Berserker on June 21, 2023.
             Was a Priest of Trog.
             Killed by divine providence
             ... invoked by an orc priest
              (15 damage)
             ... on level 4 of the Dungeon.
             The game lasted 00:06:40 (4433 turns).

cbfl8 the Spear-Bearer (Merfolk Berserker)          Turns: 4433, Time: 00:06:41

Health: -5/61      AC:  9    Str: 18    XL:     8   Next: 99%
Magic:  8/8        EV:  9    Int:  6    God:    Trog [***...]
Gold:   114        SH:  0    Dex: 15    Spells: 7/7 levels left

rFire   + . .      SeeInvis .   a - +0 spear
rCold   x . .      Faith    .   (no shield)
rNeg    . . .      Spirit   .   i - +0 chain mail
rPois   .          Reflect  .   (no helmet)
rElec   .          Harm     .   (no cloak)
rCorr   .          Rampage  .   (no gloves)
Will    .....                   (no boots)
Stlth   ..........              (no amulet)
HPRegen 0.20/turn               d - +4 ring of slaying
MPRegen 0.11/turn               f - ring of fire

@: no status effects
A: (nimble swimmer 2), mertail
a: Renounce Religion, Berserk, Trog's Hand


You were on level 4 of the Dungeon.
You worshipped Trog.
Trog was most pleased with you.
You visited 1 branch of the dungeon, and saw 6 of its levels.
You also visited: Ossuary.

You collected 114 gold pieces.

Inventory:

Hand Weapons
 a - a +0 spear (weapon)
Armour
 i - a +0 chain mail (worn)
Jewellery
 d - a +4 ring of slaying (left hand)
 f - a ring of fire (right hand)
Wands
 v - a wand of paralysis (4)
Scrolls
 b - 2 scrolls of enchant weapon {unknown}
 e - 4 scrolls of teleportation {unknown}
 g - 3 scrolls of vulnerability {unknown}
 j - a scroll of summoning {unknown}
 l - 2 scrolls of noise {unknown}
 m - 4 scrolls of identify {unknown}
 n - a scroll of fog {unknown}
 p - a scroll of enchant armour {unknown}
 s - a scroll of fear
 t - a scroll of acquirement {unknown}
 x - a scroll of magic mapping {unknown}
Potions
 c - 2 potions of might {unknown}
 h - 3 potions of curing
 k - a potion of resistance {unknown}
 o - 2 potions of heal wounds {unknown}
 q - 2 potions of invisibility {unknown}
 r - 3 potions of berserk rage {unknown}
 u - 2 potions of magic {unknown}
 w - a potion of degeneration {unknown}
 z - a potion of lignification {unknown}


   Skills:
 + Level 4.6 Fighting
 * Level 11.1 Polearms
 * Level 3.7 Armour
 * Level 5.2 Dodging
 * Level 4.2 Stealth
 * Level 3.3 Evocations


You had 7 spell levels left.
You didn't know any spells.
Your spell library was empty.

Dungeon Overview and Level Annotations

Branches:
Dungeon (6/15)             Temple (0/1) D:4         Ossuary (visited)

Altars:
Okawaru
Vehumet
Yredelemnul
The Shining One

Annotations:
D:6 1 runed translucent door, Dowan; Zanecoolhand's ghost, amateur DrAE


Innate Abilities, Weirdness & Mutations

((You are very nimble when in or above water. (Stealth+, EV+, Speed+++)))
Your lower body shifts to a powerful aquatic tail in water.


Message History

The hound is almost dead.
A hound is nearby!
You puncture the hound!
You kill the hound!
Trog accepts your kill.
Found an escape hatch in the floor.
No target in view!
There is an escape hatch in the floor here.
m - 4 scrolls labelled INISOKHL BEAPP (gained 1)
An orc comes into view.
It is wielding a +0 short sword. 2 orcs and an orc priest come into view.
The orc shouts! x2
An orc priest comes into view. It is wielding a +0 club.
The orc priest begins to cast a cantrip, but forgets the words!
There are monsters nearby!
You reach to attack!
The orc priest shouts!
You puncture the orc!
You kill the orc!
Trog accepts your kill.
There are monsters nearby!
There are monsters nearby!
The orc priest mumbles some strange prayers to Beogh against you.
Beogh smites you!
The orc priest invokes the aid of Beogh against you.
Beogh smites you!
Things that are here:
a +0 short sword; a +0 leather armour The orc priest looks braver for a moment.
The orc priest invokes the aid of Beogh against you.
Beogh smites you!
The orc throws a boomerang.
The boomerang hits you but does no damage.
The orc priest invokes the aid of Beogh against you.
Beogh smites you!
* * * LOW HITPOINT WARNING * * *
The orc throws a boomerang.
The boomerang barely misses you.
The orc priest mumbles some strange prayers to Beogh against you.
Beogh smites you!
You die...

...##..###..#.............#..##..
...†...#............^......#..##.
...#...#.##.#..................#.
.......#.##.####.#...#..##.##....
####........# #........##.....#.
#####.#### #.#...#..####.#.## #.#
#.#...#.o.......#. #.#
#.#.....o....###.# #.#
#@.o..o.####.# #.. ... #.#####.#
#.# ### #.# #.......# #o# #.#
############.# #.. ........##o#
#....o)..o# #.##.....## #.#o#.#
#.#.#.#


You could see 2 orc priests and 2 orcs.

Vanquished Creatures
  A black bear (D:5)
  A kobold brigand (D:4)
  5 elf zombies
  4 elf skeletons (D:6)
  A scorpion (D:4)
  A water moccasin skeleton (D:4)
  A centaur zombie (D:4)
  A bullfrog zombie (D:5)
  8 human zombies (Ossuary)
  A bullfrog skeleton (D:5)
  3 hounds
  2 centaur skeletons (D:5)
  3 human skeletons (D:6)
  Ijyb (D:5)
  2 orc wizards (D:4)
  3 mummies (Ossuary)
  5 adders
  An ufetubus (D:6)
  A worm (D:3)
  6 dart slugs
  5 orcs
  6 ball pythons
  3 bats
  8 endoplasms
  2 giant cockroaches
  5 goblins
  5 hobgoblins
  8 jackals
  10 kobolds
  3 quokkas
  A frilled lizard (D:3)
  2 orc skeletons (D:6)
  An orc zombie (D:6)
  3 rats
113 creatures vanquished.

Notes
Turn   | Place    | Note
-------+----------+-------------------------------------------
     0 | D:1      | cbfl8 the Merfolk Berserker began the quest for the Orb.
     0 | D:1      | Reached XP level 1. HP: 18/18 MP: 1/1
   332 | D:1      | Reached XP level 2. HP: 24/24 MP: 2/2
   465 | D:1      | Reached skill level 5 in Polearms
   478 | D:1      | Reached XP level 3. HP: 19/29 MP: 3/3
   481 | D:1      | Reached skill level 1 in Stealth
   487 | D:1      | Reached ** piety under Trog
  1091 | D:2      | Reached skill level 1 in Evocations
  1435 | D:2      | Reached XP level 4. HP: 36/36 MP: 4/4
  1866 | D:3      | Reached skill level 6 in Polearms
  1932 | D:3      | Found a glowing golden altar of the Shining One.
  2043 | D:3      | Found an iron altar of Okawaru.
  2059 | D:3      | You fall into a shaft and drop 3 floors!
  2081 | D:6      | Noticed Dowan
  2112 | D:6      | Found a runed translucent door.
  2113 | D:6      | Noticed Zanecoolhand's ghost (amateur DrAE)
  2153 | D:6      | Reached XP level 5. HP: 36/42 MP: 5/5
  2232 | D:6      | Reached skill level 7 in Polearms
  2232 | D:6      | Reached XP level 6. HP: 42/48 MP: 6/6
  2321 | D:6      | Reached XP level 7. HP: 30/53 MP: 7/7
  2327 | D:6      | Found a sand-covered staircase.
  2346 | D:6      | Reached skill level 8 in Polearms
  2497 | Ossuary  | Entered an ossuary
  2536 | Ossuary  | Reached *** piety under Trog
  2608 | Ossuary  | Reached skill level 9 in Polearms
  2634 | Ossuary  | Reached XP level 8. HP: 58/60 MP: 8/8
  2888 | D:5      | Entered Level 5 of the Dungeon
  2914 | D:5      | Reached skill level 10 in Polearms
  3114 | D:5      | Noticed Ijyb
  3118 | D:5      | Paralysed by Ijyb for 7 turns
  3131 | D:5      | Killed Ijyb
  3470 | D:4      | Reached skill level 5 in Dodging
  3653 | D:3      | Found a basalt altar of Yredelemnul.
  3791 | D:3      | Found a radiant altar of Vehumet.
  3938 | D:4      | Found a staircase to the Ecumenical Temple.
  3972 | D:4      | Reached skill level 11 in Polearms
  4433 | D:4      | Killed from afar by an orc priest

Illustrated notes

Levels and vault maps discovered:
D:1:      nzn_arrival_depleted_hourglass, layout_loops_ring, minmay_tetromino_t2
D:2:      layout_basic
D:3:      layout_rooms, mainiacjoe_overflow_24_doors, lemuel_tele_altar,
          mainiacjoe_overflow_boulevard, tso_metal_star
D:4:      layout_loops_cross, minmay_temple_entry_waves
D:5:      layout_loops_ring, uniq_eustachio, uniq_ijyb
D:6:      nicolae_cairo_tiling_large_dashed, layout_rooms,
          gammafunk_temple_overflow_pools, ebering_ghost_reflecting_pool,
          serial_shops, nicolae_diamond_shop, nicolae_ossuary_entry_catacombs,
          minmay_small_thing, uniq_menkaure, uniq_duvessa

Skill      XL: |  1  2  3  4  5  6  7  8 |
---------------+-------------------------+-----
Polearms       | 5 6 7 9 11 | 11.1
Stealth        | 1 2 3 4 |  4.2
Dodging        | 3 4 5 |  5.2
Evocations     | 1 2 3 |  3.3
Armour         | 2 3 |  3.7
Fighting       | 4 |  4.6

Action                   |  1- 3 |  4- 6 |  7- 9 || total
-------------------------+-------+-------+-------++-------
Melee: Spear             |    83 |   162 |   305 ||   550
       Punch             |     1 |       |     7 ||     8
Invok: Trog's Hand       |       |     1 |       ||     1
       Berserk           |       |       |     3 ||     3
  Use: Scroll            |       |     1 |       ||     1
 Stab: Sleeping          |     7 |       |       ||     7
Armor: Animal skin       |     1 |       |       ||     1
       Leather armour    |     5 |       |       ||     5
       Chain mail        |       |    47 |   110 ||   157
Dodge: Dodged            |    26 |    33 |    78 ||   137
